 Dungeon Crawl Stone Soup version 0.25.0 (webtiles) character file.

Game seed: 16723837102343642865

15557 Chiseanne the Thaumaturge (level 12, -3/91 HPs)
             Began as a Gnoll Wanderer on June 12, 2020.
             Was an Initiate of Gozag.
             Slain by a vampire knight
             ... wielding a +0 war axe
              (6 damage)
             ... on level 12 of the Dungeon.
             The game lasted 01:12:47 (16257 turns).

Chiseanne the Thaumaturge (Gnoll Wanderer)         Turns: 16257, Time: 01:12:48

Health: -3/91      AC: 15    Str: 18    XL:     12   Next: 28%
Magic:  36/36      EV: 15    Int: 16    God:    Gozag
Gold:   73         SH: 12    Dex: 15    Spells: 23/33 levels left

rFire    + . .     SeeInvis .   s - +4 war axe (flame)
rCold    . . .     Gourm    .   p - +1 buckler
rNeg     . . .     Faith    .   E - +2 ring mail {rF+}
rPois    .         Spirit   .   m - +2 helmet
rElec    .         Reflect  +   x - +0 cloak
rCorr    .         Harm     .   J - +1 pair of gloves
MR       .....                  (no boots)
Stlth    +++.......             C - amulet of reflection
HPRegen  0.25/turn              T - ring of wizardry
MPRegen  0.25/turn              k - ring of magical power

@: mighty, about to teleport, stab, very slightly contaminated, invisible
A: distributed training, fangs 1, strong nose
a: Potion Petition, Call Merchant, Bribe Branch, Renounce Religion


You were on level 12 of the Dungeon.
You worshipped Gozag.
Gozag was noncommittal.
You were not hungry.

You visited 2 branches of the dungeon, and saw 13 of its levels.
You also visited: Sewer.

You collected 2426 gold pieces.
You spent 1291 gold pieces at shops.
You paid 1062 gold pieces to Gozag.

Inventory:

Hand Weapons
 a - a +2 short sword of venom
 s - a +4 war axe of flaming (weapon)
 M - a +0 broad axe
Missiles
 g - 70 bolts
 q - an atropa-tipped dart
 z - a javelin (quivered)
 D - 25 sling bullets
 L - 8 boomerangs
 W - 17 poisoned darts
Armour
 m - a +2 helmet (worn)
 p - a +1 buckler (worn)
 v - a +2 leather armour of positive energy
 x - a +0 cloak (worn)
 E - a +2 ring mail of fire resistance (worn)
 J - a +1 pair of gloves (worn)
Magical Staves
 y - an uncursed staff of energy
Jewellery
 i - the amulet of the Air {Inacc +Fly rElec EV+5 RMsl}
   (You bought it in a shop on level 9 of the Dungeon)

   [amulet of inaccuracy]

   It reduces the accuracy of all your attacks.
   It affects your evasion (+5).
   It insulates you from electricity.
   It lets you fly.
   It protects you from missiles.
 k - a ring of magical power (right hand)
 B - an uncursed ring of poison resistance
 C - an amulet of reflection (around neck)
 K - an uncursed ring of ice
 P - an uncursed ring of fire
 S - a +6 ring of intelligence
 T - a ring of wizardry (left hand)
 V - a +4 ring of evasion
Wands
 H - a wand of flame (13)
Scrolls
 d - a scroll of brand weapon
 j - 2 scrolls of teleportation
 t - 3 scrolls of amnesia
 w - 9 scrolls of remove curse
 F - 3 scrolls of enchant armour
 I - 3 scrolls of immolation
 Q - a scroll of silence
Potions
 b - a potion of curing
 c - a potion of haste
 e - 2 potions of magic
 h - 2 potions of might
 l - a potion of cancellation
 n - 3 potions of lignification
 o - 4 potions of flight
 r - a potion of invisibility
 u - a potion of mutation
 N - 3 potions of stabbing
 O - 2 potions of brilliance
 U - a potion of heal wounds {unknown}
Comestibles
 f - 11 rations


   Skills:
 + Level 7.0 Fighting
 + Level 7.0 Short Blades
 + Level 7.0 Long Blades
 + Level 7.0 Axes
 + Level 7.0 Maces & Flails
 + Level 7.0 Polearms
 + Level 7.0 Staves
 + Level 7.0 Slings
 + Level 7.0 Bows
 + Level 7.0 Crossbows
 + Level 8.4 Throwing
 + Level 7.0 Armour
 + Level 7.0 Dodging
 + Level 7.0 Stealth
 + Level 7.0 Shields
 + Level 7.0 Unarmed Combat
 + Level 11.4 Spellcasting
 + Level 5.8 Conjurations
 + Level 5.8 Hexes
 + Level 5.8 Charms
 + Level 6.2 Summonings
 + Level 6.2 Necromancy
 + Level 5.8 Translocations
 + Level 5.8 Transmutations
 + Level 5.8 Fire Magic
 + Level 5.8 Ice Magic
 + Level 5.8 Air Magic
 + Level 5.8 Earth Magic
 + Level 7.0 Poison Magic
 + Level 7.7 Invocations
 + Level 7.0 Evocations


You had 23 spell levels left.
You knew the following spells:

 Your Spells              Type           Power        Failure   Level  Hunger
a - Magic Dart            Conj           ####         1%          1    None
b - Blink                 Tloc           N/A          1%          2    None
c - Tukima's Dance        Hex            ####....     1%          3    None
d - Mephitic Cloud        Conj/Pois/Air  ####....     1%          3    None
e - Apportation           Tloc           ####..       1%          1    None

Your spell library contained the following spells:

 Spells                   Type           Power        Failure   Level  Hunger
 Animate Skeleton         Necr           N/A          1%          1    None
 Corona                   Hex            ####...      1%          1    None
 Summon Small Mammal      Summ           ####         1%          1    None
 Call Imp                 Summ           ####....     1%          2    None
 Ensorcelled Hibernation  Hex/Ice        ####..       1%          2    None
 Slow                     Hex            ####....     1%          2    None
 Confusing Touch          Hex            ####....     1%          3    None
 Conjure Flame            Conj/Fire      ####....     1%          3    None
 Dazzling Flash           Conj/Hex       ####..       1%          3    None


Dungeon Overview and Level Annotations

Branches:
Dungeon (12/15)            Temple (1/1) D:6            Lair (0/6) D:8
    Orc (0/2) D:10          Sewer (visited)

Altars:
Ashenzari
Cheibriados
Dithmenos
Elyvilon
Fedhas
Gozag
Hepliaklqana
Kikubaaqudgha
Makhleb
Nemelex Xobeh
Okawaru
Qazlal
Ru
Sif Muna
Trog
Uskayaw
Vehumet
Wu Jian
Xom
Yredelemnul
Zin
The Shining One

Shops:
D:6 !   D:8 (   D:9 =

Portals:
Trove: D:10 (give 5 scrolls of fear)

Annotations:
D:6 1 runed translucent door, generaletaddeo's ghost, novice DrAE


Innate Abilities, Weirdness & Mutations

Your experience applies equally to all skills.
You have very sharp teeth.
Your uncanny sense of smell can sniff out nearby items.


Message History

The vampire knight draws life force from you and is healed!
You slash the vampire knight! You burn the vampire knight.
The vampire knight is severely damaged.
The vampire knight hits you with a +0 war axe!
* * * LOW HITPOINT WARNING * * *
You block the vampire knight's attack.
Evoke which item? (* to show all) (? for menu, Esc to quit)
Okay, then.
The vampire knight is infused with unholy energy.
* * * LOW HITPOINT WARNING * * *
The vampire knight draws life force from you and is healed!
As you read the scroll labeled TUWKOUDASIGG, it crumbles to dust.
The scroll dissolves into smoke.
It was a scroll of fog.
You block the vampire knight's attack.
The vampire knight bites you but does no damage.
As you read the scroll of teleportation, it crumbles to dust.
You feel strangely unstable.
The vampire knight hits you with a +0 war axe.
You die...
Your body crumbles into a pile of gold.

##.#.#.#.#.....###### ##.######
#.#.#.#.#.....# #.#
#.#.#.#.#.....# #.#
#.#.#.#.#.....# #.#
#D#o#.#.#.....# #.#
#.#.#.#.#.....# #.# #
#D#.#.#.#...§## #.# #
#.#.#.#.#....§###############
###D#.#.#.#.>..§@V§§......(....
.#..#.# #.....§§§§§§...........
...##.# ##.....§§§§.§..(.(.....
o####.#. #.....################
..##..#..##.....# #o#
...#.###.......## #o# .....#
####.....# #o# ...### #......#
#.# #...# #####.....# #.#


You could see a vampire knight.

Vanquished Creatures
  2 hydras
  A two-headed ogre (D:10)
  An unseen horror (D:10)
  An orc knight (D:11)
  4 ugly things
  A gargoyle (D:11)
  A freezing wraith (D:12)
  2 trolls
  A hippogriff (D:12)
  7 slime creatures
  A basilisk (D:11)
  Grum (D:8)
  2 wyverns
  2 steam dragons (D:9)
  A dancing weapon (D:10)
  2 hungry ghosts
  Menkaure (D:5)
  Edmund (D:4)
  Duvessa (D:4)
  2 water moccasins
  An ice beast (D:5)
  3 sky beasts
  11 orc warriors
  7 wolves (D:8)
  4 ogres
  4 phantoms
  3 crocodiles
  7 centaurs
  10 bullfrogs
  Dowan (D:4)
  3 scorpions
  3 wights (D:12)
  7 killer bees
  2 howler monkeys (D:9)
  3 electric eels
  5 crimson imps
  2 bullfrog zombies
  6 hounds
  4 bullfrog skeletons
  3 centaur skeletons
  7 jellies
  8 orc priests
  2 iguanas
  15 orc wizards
  8 worker ants
  A hound skeleton (D:8)
  2 worker ant zombies
  10 adders
  10 gnolls
  6 shadow imps
  9 oozes
  2 adder skeletons
  2 adder zombies
  4 worms
  2 dart slugs
  5 leopard geckos
  49 orcs
  2 bat zombies
  7 giant cockroaches
  4 goblins
  8 hobgoblins
  3 quokkas
  5 ball pythons
  12 bats
  3 frilled lizards
  3 giant cockroach zombies
  3 jackal zombies
  5 kobolds
  6 rats
  A rat zombie (D:4)
328 creatures vanquished.

Vanquished Creatures (collateral kills)
  A two-headed ogre (D:10)
  2 orc warriors (D:11)
  An orc priest (D:11)
  7 orcs (D:11)
11 creatures vanquished.

Vanquished Creatures (others)
  A dancing weapon (D:11)
  2 orc warriors (D:11)
  An ogre (D:11)
  2 orcs
  A bush (D:5)
7 creatures vanquished.

Grand Total: 346 creatures vanquished

Notes
Turn   | Place    | Note
-------+----------+-------------------------------------------
     0 | D:1      | Reached skill level 9 in Spellcasting
     0 | D:1      | Chiseanne the Gnoll Wanderer began the quest for the Orb.
     0 | D:1      | Chiseanne set off with the following items: a +0 club, a
                  | potion of curing, a +0 robe, a ration; and the following
                  | spell memorised: Magic Dart; and the following spells
                  | available to memorise: Call Imp, Blink, Slow, Mephitic
                  | Cloud, Conjure Flame
     0 | D:1      | Reached XP level 1. HP: 13/13 MP: 10/10
     3 | D:1      | Noticed an electric eel
     3 | D:1      | Noticed an electric eel
   368 | D:1      | Reached XP level 2. HP: 19/19 MP: 8/12
   400 | D:1      | Learned a level 2 spell: Blink
   884 | D:3      | Reached XP level 3. HP: 25/25 MP: 9/13
   893 | D:3      | Learned a level 3 spell: Mephitic Cloud
  1257 | D:3      | Reached skill level 1 in Invocations
  1403 | D:3      | Found a glowing drain.
  1442 | Sewer    | Entered a sewer
  1459 | Sewer    | Reached skill level 1 in Fighting
  1459 | Sewer    | Reached skill level 1 in Short Blades
  1459 | Sewer    | Reached skill level 1 in Long Blades
  1459 | Sewer    | Reached skill level 1 in Axes
  1459 | Sewer    | Reached skill level 1 in Maces & Flails
  1459 | Sewer    | Reached skill level 1 in Polearms
  1459 | Sewer    | Reached skill level 1 in Staves
  1459 | Sewer    | Reached skill level 1 in Slings
  1459 | Sewer    | Reached skill level 1 in Bows
  1459 | Sewer    | Reached skill level 1 in Crossbows
  1459 | Sewer    | Reached skill level 1 in Armour
  1459 | Sewer    | Reached skill level 1 in Dodging
  1459 | Sewer    | Reached skill level 1 in Stealth
  1459 | Sewer    | Reached skill level 1 in Shields
  1459 | Sewer    | Reached skill level 1 in Unarmed Combat
  1459 | Sewer    | Reached skill level 1 in Evocations
  1602 | Sewer    | Reached XP level 4. HP: 32/32 MP: 12/15
  2118 | D:4      | Reached skill level 1 in Conjurations
  2118 | D:4      | Reached skill level 1 in Hexes
  2118 | D:4      | Reached skill level 1 in Charms
  2118 | D:4      | Reached skill level 1 in Translocations
  2118 | D:4      | Reached skill level 1 in Transmutations
  2118 | D:4      | Reached skill level 1 in Fire Magic
  2118 | D:4      | Reached skill level 1 in Ice Magic
  2118 | D:4      | Reached skill level 1 in Air Magic
  2118 | D:4      | Reached skill level 1 in Earth Magic
  2136 | D:4      | Reached XP level 5. HP: 25/37 MP: 0/16
  2902 | D:3      | Found a sparkling altar of Nemelex Xobeh.
  3159 | D:4      | Noticed Dowan
  3159 | D:4      | Noticed Duvessa
  3160 | D:4      | Noticed a phantom
  3190 | D:4      | Killed Duvessa
  3190 | D:4      | Reached XP level 6. HP: 12/44 MP: 11/18
  3197 | D:4      | Killed Dowan
  3197 | D:4      | Reached skill level 5 in Throwing
  3457 | D:4      | Learned a level 3 spell: Tukima's Dance
  3471 | D:5      | Entered Level 5 of the Dungeon
  3574 | D:5      | Reached XP level 7. HP: 30/50 MP: 20/20
  4012 | D:5      | Found a glowing golden altar of the Shining One.
  4032 | D:5      | Noticed Menkaure
  4796 | D:4      | Found an ancient bone altar of Kikubaaqudgha.
  4908 | D:4      | Reached XP level 8. HP: 26/57 MP: 17/21
  5104 | D:4      | Noticed Edmund
  5159 | D:4      | Killed Edmund
  5344 | D:5      | Killed Menkaure
  6042 | D:6      | Reached skill level 10 in Spellcasting
  6046 | D:6      | Reached XP level 9. HP: 65/65 MP: 20/23
  6070 | D:6      | Reached skill level 5 in Poison Magic
  6250 | D:6      | Found a runed translucent door.
  6254 | D:6      | Noticed generaletaddeo's ghost (novice DrAE)
  6302 | D:6      | Found Boezoes's Distillery.
  6389 | D:6      | Found a staircase to the Ecumenical Temple.
  6393 | Temple   | Entered the Ecumenical Temple
  6437 | Temple   | Became a worshipper of Gozag Ym Sagoz the Greedy
  6607 | D:6      | Found a hazy altar of Hepliaklqana.
  6764 | D:6      | Bought a potion of haste for 150 gold pieces
  6764 | D:6      | Bought a potion of might for 60 gold pieces
  6764 | D:6      | Bought a potion of lignification for 45 gold pieces
  7736 | D:8      | Found Byafut's Weapon Shoppe.
  7751 | D:8      | Noticed Grum
  7760 | D:8      | Reached skill level 5 in Invocations
  7788 | D:8      | Killed Grum
  7788 | D:8      | Reached XP level 10. HP: 34/73 MP: 14/24
  7986 | D:8      | Noticed a green ugly thing
  8321 | D:8      | Found a snail-covered altar of Cheibriados.
  8619 | D:8      | Reached skill level 5 in Fighting
  8619 | D:8      | Reached skill level 5 in Short Blades
  8619 | D:8      | Reached skill level 5 in Long Blades
  8619 | D:8      | Reached skill level 5 in Axes
  8619 | D:8      | Reached skill level 5 in Maces & Flails
  8619 | D:8      | Reached skill level 5 in Polearms
  8619 | D:8      | Reached skill level 5 in Staves
  8619 | D:8      | Reached skill level 5 in Slings
  8619 | D:8      | Reached skill level 5 in Bows
  8619 | D:8      | Reached skill level 5 in Crossbows
  8619 | D:8      | Reached skill level 5 in Armour
  8619 | D:8      | Reached skill level 5 in Dodging
  8619 | D:8      | Reached skill level 5 in Stealth
  8619 | D:8      | Reached skill level 5 in Shields
  8619 | D:8      | Reached skill level 5 in Unarmed Combat
  8619 | D:8      | Reached skill level 5 in Evocations
  8972 | D:8      | Found a staircase to the Lair.
  9193 | D:8      | Found an iron altar of Okawaru.
  9325 | D:8      | Learned a level 1 spell: Apportation
  9644 | D:9      | Found a white marble altar of Elyvilon.
  9648 | D:9      | Found a sacrificial altar of Ru.
  9650 | D:9      | Found a shimmering blue altar of Sif Muna.
  9653 | D:9      | Got a faintly glowing flail
  9687 | D:9      | Identified the cursed +0 flail of Gatzokho {pain, MR+ Str+3
                  | Dex-4} (You found it on level 9 of the Dungeon)
 10015 | D:9      | Reached skill level 5 in Summonings
 10015 | D:9      | Reached skill level 5 in Necromancy
 10418 | D:9      | Bought a cursed ring of attention for 67 gold pieces
 10418 | D:9      | Bought a cursed amulet of inaccuracy for 30 gold pieces
 10424 | D:9      | Found a radiant altar of Vehumet.
 10515 | D:10     | Entered Level 10 of the Dungeon
 10613 | D:10     | Found a portal to a secret trove of treasure.
 10741 | D:10     | Killed an unseen horror
 10898 | D:10     | Reached XP level 11. HP: 64/81 MP: 14/25
 11313 | D:10     | Found a glowing golden altar of the Shining One.
 11579 | D:10     | Found a staircase to the Orcish Mines.
 11858 | D:11     | Noticed an orc knight
 11908 | D:11     | Killed an orc knight
 11991 | D:11     | Reached skill level 5 in Conjurations
 11991 | D:11     | Reached skill level 5 in Hexes
 11991 | D:11     | Reached skill level 5 in Charms
 11991 | D:11     | Reached skill level 5 in Translocations
 11991 | D:11     | Reached skill level 5 in Transmutations
 11991 | D:11     | Reached skill level 5 in Fire Magic
 11991 | D:11     | Reached skill level 5 in Ice Magic
 11991 | D:11     | Reached skill level 5 in Air Magic
 11991 | D:11     | Reached skill level 5 in Earth Magic
 12029 | D:11     | Noticed a red ugly thing
 12059 | D:11     | Killed a green ugly thing
 12059 | D:11     | Reached skill level 11 in Spellcasting
 12646 | D:11     | Noticed a cyan ugly thing
 12646 | D:11     | Noticed a green ugly thing
 12647 | D:11     | Noticed a two-headed ogre
 12648 | D:11     | Noticed a brown ugly thing
 12652 | D:11     | Noticed a two-headed ogre
 12774 | D:10     | Killed a two-headed ogre
 12898 | D:10     | Killed a two-headed ogre
 13015 | D:10     | Killed a brown ugly thing
 13241 | D:10     | Killed a green ugly thing
 13607 | D:6      | Bought a potion of stabbing for 60 gold pieces
 13607 | D:6      | Bought a potion of brilliance for 60 gold pieces
 13607 | D:6      | Bought a potion of might for 60 gold pieces
 13607 | D:6      | Bought a potion of curing for 45 gold pieces
 13720 | D:9      | Bought the amulet of the Air {Inacc +Fly rElec EV+5 RMsl}
                  | for 714 gold pieces
 13720 | D:9      | Found the amulet of the Air {Inacc +Fly rElec EV+5 RMsl}
 13776 | D:11     | Killed a cyan ugly thing
 13838 | D:11     | Noticed an eight-headed hydra
 13846 | D:11     | Killed an eight-headed hydra
 14334 | D:11     | Reached XP level 12. HP: 83/89 MP: 27/27
 15866 | D:12     | Noticed a six-headed hydra
 16129 | D:12     | Killed a one-headed hydra
 16194 | D:12     | Noticed a vampire knight
 16195 | D:12     | Paralysed by a vampire knight for 7 turns
 16254 | D:12     | HP: 2/91 [vampire knight/vampiric draining (19)]
 16257 | D:12     | Slain by a vampire knight

Illustrated notes

Levels and vault maps discovered:
D:1:      arrival_aquarium_b, layout_loops_ring, serial_forest,
          infiniplex_forest_lined_room_2, infiniplex_forest_zigzag_1,
          infiniplex_forest_pool, infiniplex_forest_end_2,
          infiniplex_forest_clump_curved, infiniplex_forest_end_3
D:2:      layout_loops_cross, uniq_robin
D:3:      layout_rooms, nemelex_altar_shiori, first_ration,
          cheibrodos_sewer_entry_drain, minmay_bisected
D:4:      layout_loops_corners, lemuel_zombie_altar_kikubaaqudgha,
          serial_undead, serial_undead_f, serial_undead_f, serial_undead_f,
          serial_undead_d, uniq_duvessa, uniq_edmund
D:5:      layout_gridville, tso_altar, kb_lookout_dungeons_type, uniq_menkaure
D:6:      layout_basic, old_standard_altar, temple_statues,
          gammafunk_ghost_grave, serial_shops, nicolae_shop_window_shopping
D:7:      cheibrodos_helix_gallery, layout_gridville, uniq_harold
D:8:      minmay_curly_fans, layout_basic, lemuel_round_altar, erik_lair_island,
          serial_shops, kennysheep_little_box, okawaru_ov_weapons_minmay,
          uniq_grum
D:9:      cheibrodos_steamvent, layout_basic, vehumet_crystals,
          grunt_temple_overflow_open
D:10:     layout_irregular_city, david_orc_4, basic_altar,
          nicolae_trove_entry_free_sample
D:11:     kennysheep_ambush_hall, layout_rooms, special_room [special_room_orc],
          hangedman_little_slice_of_home, bh_walls_and_bars
D:12:     minmay_tile_spiral, layout_cross, serial_co_window_serial,
          co_window_paths_a, co_window_paths_a, co_window_corner_a,
          co_window_paths_b, co_window_paths_a, co_window_paths_a,
          co_window_of_opportunity_a, co_window_corner_b, co_window_broadway_c,
          co_window_2corner, co_window_corner_b, co_window_broadway_b,
          co_window_paths_d, co_window_4corner_a, glass_columns_b,
          glass_columns_a, glass_columns_a, glass_columns_a
Temple:   cyrus_circular_temple

Skill      XL: |  1  2  3  4  5  6  7  8  9 10 11 12 |
---------------+-------------------------------------+-----
Spellcasting   | 10 11 | 11.4
Summonings     | 2 3 4 5 6 |  6.2
Necromancy     | 2 3 4 5 6 |  6.2
Invocations    | 1 2 3 4 5 6 7 |  7.7
Fighting       | 1 2 3 4 5 6 7 |  7.0
Short Blades   | 1 2 3 4 5 6 7 |  7.0
Long Blades    | 1 2 3 4 5 6 7 |  7.0
Axes           | 1 2 3 4 5 6 7 |  7.0
Maces & Flails | 1 2 3 4 5 6 7 |  7.0
Polearms       | 1 2 3 4 5 6 7 |  7.0
Staves         | 1 2 3 4 5 6 7 |  7.0
Slings         | 1 2 3 4 5 6 7 |  7.0
Bows           | 1 2 3 4 5 6 7 |  7.0
Crossbows      | 1 2 3 4 5 6 7 |  7.0
Armour         | 1 2 3 4 5 6 7 |  7.0
Dodging        | 1 2 3 4 5 6 7 |  7.0
Stealth        | 1 2 3 4 5 6 7 |  7.0
Shields        | 1 2 3 4 5 6 7 |  7.0
Unarmed Combat | 1 2 3 4 5 6 7 |  7.0
Evocations     | 1 2 3 4 5 6 7 |  7.0
Conjurations   | 1 2 3 4 5 |  5.8
Hexes          | 1 2 3 4 5 |  5.8
Charms         | 1 2 3 4 5 |  5.8
Translocations | 1 2 3 4 5 |  5.8
Transmutations | 1 2 3 4 5 |  5.8
Fire Magic     | 1 2 3 4 5 |  5.8
Ice Magic      | 1 2 3 4 5 |  5.8
Air Magic      | 1 2 3 4 5 |  5.8
Earth Magic    | 1 2 3 4 5 |  5.8
Poison Magic   | 4 5 6 7 |  7.0
Throwing       | 5 6 7 8 |  8.4

Action                   |  1- 3 |  4- 6 |  7- 9 | 10-12 || total
-------------------------+-------+-------+-------+-------++-------
Melee: Club              |     3 |       |       |       ||     3
       Bite              |     4 |    15 |    24 |    79 ||   122
       Mace              |    27 |    47 |       |       ||    74
       Dagger            |       |    40 |       |       ||    40
       War axe           |       |     1 |       |    34 ||    35
       Rapier            |       |    14 |   171 |   178 ||   363
       Punch             |       |     1 |       |       ||     1
       Short sword       |       |       |       |   162 ||   162
       Broad axe         |       |       |       |    26 ||    26
Throw: Throwing net      |       |       |     1 |     3 ||     4
       Dart              |       |       |       |     3 ||     3
       Javelin           |       |       |       |     6 ||     6
 Cast: Magic Dart        |    99 |    84 |   231 |   352 ||   766
       Mephitic Cloud    |     1 |    14 |    40 |    69 ||   124
       Blink             |       |     2 |     1 |    36 ||    39
       Tukima's Dance    |       |       |     1 |    10 ||    11
Invok: Call Merchant     |       |       |       |     1 ||     1
       Potion Petition   |       |       |       |     2 ||     2
Evoke: Wand              |       |       |     8 |    44 ||    52
  Use: Scroll            |     4 |    10 |     4 |    14 ||    32
       Potion            |       |     3 |     1 |     7 ||    11
 Stab: Confused          |       |    14 |    16 |    30 ||    60
       Sleeping          |       |       |     1 |     8 ||     9
       Paralysed         |       |       |       |     9 ||     9
       Held in net/web   |       |       |       |     1 ||     1
  Eat: Chunk             |     2 |     6 |     5 |       ||    13
       Ration            |       |       |     3 |     9 ||    12
Armor: Robe              |    27 |    65 |    19 |       ||   111
       Ring mail         |       |       |    31 |   127 ||   158
Dodge: Dodged            |    54 |   136 |   129 |   224 ||   543
Block: Buckler           |       |       |    38 |   171 ||   209
       Reflection        |       |       |       |     6 ||     6
